 Seeded DCSS version 0.28.0-56-g4927b6849a (webtiles) character file.

Game seed: 10077074884737061911 (custom seed)

276023 tkbsonic5 the Unseen (level 19, 0/144 HPs)
             Began as a Vampire Summoner on Jan 26, 2023.
             Was an Elder of Okawaru.
             Killed from afar by a crystal guardian (35 damage)
             ... with a crystal bolt
             ... led by a peacekeeper
             ... on level 3 of the Vaults on Feb 5, 2023.
             The game lasted 03:45:14 (41678 turns).

tkbsonic5 the Unseen (Vampire Summoner)            Turns: 41678, Time: 03:45:15

Health: 0/144      AC: 36    Str: 15    XL:     19   Next: 57%
Magic:  24/29      EV: 20    Int: 27    God:    Okawaru [****..]
Gold:   1100       SH:  5    Dex: 18    Spells: 3/31 levels left

rFire   . . .      SeeInvis +   h - +10 longbow of Anozip {flame, rElec Str+2 Stlth+}
rCold   . . .      Faith    .   (shield currently unavailable)
rNeg    + . .      Spirit   .   L - +9 scale mail "Jaifoket" {rN+}
rPois   .          Reflect  +   P - +1 helmet "Salosm" {Rampage rCorr Int+5 Dex+2}
rElec   +          Harm     .   t - +2 cloak
rCorr   +          Rampage  +   j - +2 pair of gloves
Will    +....                   p - +4 pair of boots of the Wasteland {rElec Regen+}
Stlth   ++++++....              r - amulet "Fepnub" {Reflect Int+4 SH+5}
HPRegen 1.34/turn               N - +4 ring of protection
MPRegen 0.21/turn               S - +4 ring of evasion

@: finesse-ful, healing quickly, invisible
A: alive, fangs 3, see invisible, vampiric 2
}: 2/15 runes: barnacled, gossamer
a: Exsanguinate, Renounce Religion, Heroism, Finesse


You were on level 3 of the Vaults.
You worshipped Okawaru.
Okawaru was greatly pleased with you.
You visited 7 branches of the dungeon, and saw 36 of its levels.

You collected 2924 gold pieces.
You spent 1824 gold pieces at shops.

Inventory:

Hand Weapons
 h - the +10 longbow of Anozip (weapon) {flame, rElec Str+2 Stlth+}
   (You acquired it on level 1 of the Dungeon)

   Any ammunition fired from it burns those it strikes, dealing additional fire
   damage.
   Str:       It affects your strength (+2).
   rElec:     It insulates you from electricity.
   Stlth:     It makes you more stealthy.
 q - a +0 arbalest
 v - a +8 shortbow of freezing
Missiles
 f - 537 arrows (quivered ammo)
 s - 2 curare-tipped darts
 G - 86 poisoned darts
Armour
 d - +2 fire dragon scales {Xtahua}
 g - the +2 pair of boots "Wuj Erav" {rC+ Str+4}
   (You acquired it on level 1 of the Dungeon)

   Str:       It affects your strength (+4).
   rC:        It protects you from cold.
 j - a +2 pair of gloves (worn)
 o - the +7 Kryia's mail coat {PotionHeal*2 rC+}
   (You found it on level 2 of the Dungeon)

   Potions are twice as effective at healing its wearer.
   rC:        It protects you from cold.
 p - the +4 pair of boots of the Wasteland (worn) {rElec Regen+}
   (You acquired it on level 7 of the Dungeon)

   rElec:     It insulates you from electricity.
   Regen:     It increases your rate of health regeneration.
 t - a +2 cloak (worn)
 A - a +2 hat of stealth
 D - a scarf of shadows
 L - the +9 scale mail "Jaifoket" (worn) {rN+}
   (Okawaru gifted it to you on level 6 of the Lair of Beasts)

   rN:        It protects you from negative energy.
 P - the +1 helmet "Salosm" (worn) {Rampage rCorr Int+5 Dex+2}
   (You found it on level 11 of the Dungeon)

   Int:       It affects your intelligence (+5).
   Dex:       It affects your dexterity (+2).
   rCorr:     It protects you from acid and corrosion.
   Rampage:   It bestows one free step when moving towards enemies.
 R - the +2 pair of boots of the Echidna {Int+4 Dex+2 Stlth-}
   (Okawaru gifted it to you on level 11 of the Dungeon)

   Int:       It affects your intelligence (+4).
   Dex:       It affects your dexterity (+2).
   Stlth:     It makes you less stealthy.
Jewellery
 a - a ring of ice
 e - a +4 ring of evasion
 k - a ring of flight
 m - the ring of Kiew Qep {Ice rN++ Will+}
   (You took it off a merfolk on level 4 of the Shoals)

   [ring of ice]

   It enhances your ice magic.
   rF:        It makes you vulnerable to fire.
   rC:        It protects you from cold.
   rN:        It greatly protects you from negative energy.
   Will:      It increases your willpower.
 n - the ring of Kuli {rC+ EV+4}
   (You found it on level 4 of the Spider Nest)

   [ring of evasion]

   EV:        It affects your evasion (+4).
   rC:        It protects you from cold.
 r - the amulet "Fepnub" (around neck) {Reflect Int+4 SH+5}
   (You acquired it on level 15 of the Dungeon)

   [amulet of reflection]

   It reflects blocked missile attacks.
   Int:       It affects your intelligence (+4).
   SH:        It affects your SH (+5).
 x - a ring of resist corrosion
 y - a +6 ring of intelligence
 C - a ring of ice
 F - an amulet of faith
 H - an amulet of regeneration
 I - an amulet of the acrobat
 M - a ring of wizardry
 N - a +4 ring of protection (left hand)
 S - a +4 ring of evasion (right hand)
 V - an amulet of guardian spirit
 Y - a ring of ice
Wands
 l - a wand of digging (15)
 B - a wand of iceblast (11)
 E - a wand of polymorph (1)
 Z - a wand of paralysis (10)
Scrolls
 b - 6 scrolls of enchant armour
 w - a scroll of magic mapping
 O - 11 scrolls of identify
Potions
 c - 8 potions of flight
 i - 4 potions of brilliance
 J - 4 potions of magic
 K - 3 potions of curing
 Q - 3 potions of invisibility
 W - 5 potions of ambrosia
Miscellaneous
 u - a lightning rod (4/4)


   Skills:
 * Level 11.3 Fighting
 * Level 14.7 Bows
 + Level 8.9 Armour
 + Level 12.9 Dodging
 + Level 15.1 Stealth
 + Level 6.9 Spellcasting
 + Level 3.1 Conjurations
 * Level 10.5 Hexes
 - Level 6.7 Summonings
 * Level 11.5 Necromancy
 + Level 2.0 Translocations
 + Level 5.5 Transmutations
 + Level 3.3 Fire Magic
 + Level 5.8 Ice Magic
 - Level 6.7 Air Magic
 + Level 3.1 Poison Magic
 + Level 13.4 Invocations
 - Level 7.1 Evocations


You had 3 spell levels left.
You knew the following spells:

 Your Spells              Type           Power      Damage    Failure   Level
a - Summon Small Mammal   Summ           100%       N/A       1%          1
b - Dispel Undead         Necr           64%        3d22      1%          4
c - Frozen Ramparts       Ice            82%        1d10      4%          3
d - Corpse Rot            Necr/Air       100%       N/A       1%          2
e - Poisonous Vapours     Pois/Air       70%        N/A       3%          2
f - Yara's Violent Unrav  Hex/Tmut       26%        3d11      19%         5
g - Portal Projectile     Hex/Tloc       86%        N/A       4%          3
h - Airstrike             Air            22%        N/A       12%         4
i - Vampiric Draining     Necr           64%        2d10      1%          3
j - Slow                  Hex            100%       N/A       1%          1

Your spell library contained the following spells:

 Spells                   Type           Power      Damage    Failure   Level
 Sublimation of Blood     Necr           64%        N/A       1%          2
 Confusing Touch          Hex            60%        N/A       1%          3
 Sting                    Tmut/Pois      100%       1d8       3%          1
 Dazzling Flash           Conj/Hex       92%        N/A       3%          3
 Inner Flame              Hex/Fire       46%        N/A       3%          3
 Ignite Poison            Fire/Tmut/Pois 31%        N/A       11%         3
 Conjure Flame            Conj/Fire      26%        6-21      14%         3
 Cause Fear               Hex            30%        N/A       2%          4
 Excruciating Wounds      Necr           32%        N/A       4%          5
 Ice Form                 Ice/Tmut       40%        N/A       17%         4
 Hailstorm                Conj/Ice       33%        3d8       28%         4
 Sticky Flame             Conj/Fire      26%        2d5       43%         4
 Olgreb's Toxic Radiance  Pois           26%        N/A       45%         4
 Blade Hands              Tmut           19%        N/A       45%         5
 Petrify                  Tmut/Erth      24%        N/A       50%         4
 Iskenderun's Mystic Bla  Conj/Tloc      23%        2d6       54%         4
 Lightning Bolt           Conj/Air       17%        1d32      56%         5
 Passage of Golubria      Tloc           20%        N/A       63%         4
 Irradiate                Conj/Tmut      16%        3d19      65%         5
 Fireball                 Conj/Fire      13%        3d7       80%         5
 Iskenderun's Battlesphe  Conj           26%        2d8       80%         5
 Iron Shot                Conj/Erth      8%         9d3       100%        6
 Starburst                Conj/Fire      13%        6d5       100%        6
 Discord                  Hex            30%        N/A       100%        8
 Ignition                 Fire           13%        3d6       100%        8
 Animate Skeleton         Necr           Unusable   N/A       N/A         1
 Call Imp                 Summ           Unusable   N/A       N/A         2
 Summon Guardian Golem    Hex/Summ       Unusable   N/A       N/A         3
 Tukima's Dance           Hex            Unusable   N/A       N/A         3
 Call Canine Familiar     Summ           Unusable   N/A       N/A         3
 Summon Lightning Spire   Summ/Air       Unusable   N/A       N/A         4
 Summon Ice Beast         Ice/Summ       Unusable   N/A       N/A         4
 Animate Armour           Summ/Erth      Unusable   N/A       N/A         4
 Simulacrum               Ice/Necr       Unusable   N/A       N/A         6
 Summon Forest            Summ/Tloc      Unusable   N/A       N/A         5
 Spellforged Servitor     Conj/Summ      Unusable   N/A       N/A         7
 Infestation              Necr           Unusable   N/A       N/A         8
 Dragon's Call            Summ           Unusable   N/A       N/A         9

Dungeon Overview and Level Annotations

Branches:
Dungeon (15/15)            Temple (1/1) D:7            Lair (6/6) D:8
 Shoals (4/4) Lair:3       Spider (4/4) Lair:2        Slime (0/5) Lair:6
    Orc (2/2) D:10            Elf (0/3) Orc:2        Vaults (4/5) D:14
  Crypt (0/3) Vaults:2     Depths (0/4) D:15

Altars:
Ashenzari
Dithmenos
Elyvilon
Fedhas
Hepliaklqana
Kikubaaqudgha
Okawaru
Qazlal
Sif Muna
Trog
Wu Jian
Xom
Yredelemnul
The Shining One
Beogh
Jiyva

Shops:
Orc:1 (   Orc:2 :!:!   Vaults:2 [

Annotations:
Lair:6 3 runed translucent doors, Etunu's ghost, journeyman GrFi
Vaults:2 2 transporters, Angmar's ghost, veteran DrAE; Mennas


Innate Abilities, Weirdness & Mutations

Your natural rate of healing is accelerated.
You have razor-sharp teeth.
You have supernaturally acute eyesight. (SInv)
You are afflicted with vampirism and can become a bat while bloodless.


Message History

Aim: a crystal guardian (98% to hit)
You throw a throwing net.
The throwing net hits the crystal guardian.
The crystal guardian is caught in the net!
The crystal guardian struggles against the net.
The crystal guardian struggles against the net.
Aiming: Polymorph
Press: ? - help, Shift-Dir - straight line, f - you, p - crystal guardian
Okay, then.
Okay, then.
You shoot an arrow.
The arrow hits the crystal guardian but does no damage.
The crystal guardian fires a crystalline bolt at you.
The crystal bolt burns you!!!
The crystal guardian struggles against the net.
The crystal guardian struggles against the net.
The net rips apart, and the crystal guardian comes free!
Okay, then.
You fade into invisibility!
The crystal guardian fires a crystalline bolt at you.
The crystal bolt misses you.
Casting: Portal Projectile (mildly dangerous; 4% risk of failure)
Press: ? - help, Q - select action, (/) - cycle Dir - look around, f - activate
Okay, then.
Fire: 538 arrows
Press: ? - help, Q - select action, (/) - cycle Shift-Dir - straight line, f/p - crystal guardian
Aim: a crystal guardian (98% to hit)
You shoot an arrow. The arrow hits the crystal guardian!
The crystal guardian is lightly damaged.
You can now deal lightning-fast blows.
The crystal guardian fires a crystalline bolt at you.
The crystal bolt burns you!!!
* * * LOW HITPOINT WARNING * * *
Okay, then.
Okay, then.
Okay, then.
You feel better.
The crystal guardian fires a crystalline bolt at you.
The crystal bolt burns you!!
You die...

#...#...# #.............
#.......# #.............
#.#...#.# #.............
#.......# #.............
#...#...# #.............
#.......# #.............
##############'##########
#.......# #.##.#
#@......# #.....
#.......# #...8.
#.......# #.....
#...9[..# #.##.#
#.÷(.(..# ######
#..÷....#
#########'#######
#...............#
#...#...........#


You could see a crystal guardian.

Vanquished Creatures
  Bai Suzhen (Vaults:2)
  Margery (Vaults:3)
  Frederick (Vaults:3)
  Xtahua (Vaults:2)
  Arachne (Spider:3)
  Rupert (D:14)
  Frances (Shoals:1)
  4 sphinxes
  A kraken (Shoals:4)
  Gastronok (D:8)
  2 emperor scorpions (Spider:4)
  7 vault wardens
  Aizul (Vaults:2)
  2 ghost moths
  9 ironbound preservers
  7 broodmothers
  5 very ugly things
  A stone giant (D:15)
  5 ironbound thunderhulks
  11 dire elephants (Vaults:2)
  Nessos (D:15)
  4 entropy weavers
  A minotaur (Shoals:4)
  3 yaktaur captains
  A merfolk impaler (Shoals:1)
  A fire dragon (Lair:6)
  2 merfolk javelineers
  Josephine (Orc:1)
  Fannar (Lair:3)
  3 boulder beetles
  6 vault guards
  A peacekeeper (Vaults:4)
  6 ironbound frosthearts
  2 merfolk avatars (Shoals:3)
  18 centaur warriors
  8 hydras
  A radroach (Spider:4)
  A death knight (D:14)
  4 tengu warriors (D:15)
  An ogre mage (D:15)
  6 two-headed ogres
  5 jorogumos
  9 satyrs (Shoals:4)
  A death scarab (Spider:4)
  Sonja (D:13)
  2 hell knights (Vaults:3)
  A fire crab (shapeshifter) (D:14)
  7 pharaoh ants
  2 sun moths
  10 orb spiders
  11 sea snakes
  12 skeletal warriors
  6 steelbarb worms
  A swamp dragon (Lair:6)
  26 deep trolls
  A wizard (Vaults:2)
  7 lindwurms
  9 ironbound convokers
  27 harpies
  3 necromancers (Vaults:3)
  14 orc knights
  4 deep elf pyromancers
  2 orc sorcerers
  15 wolf spiders
  7 fauns
  17 manticores
  19 ugly things
  8 cyclopes
  4 merfolk sirens
  A moth of wrath (Spider:4)
  18 elephants
  11 vault sentinels
  4 water nymphs
  Maurice (D:11)
  3 torpor snails (Spider:3)
  4 black mambas
  An efreet (D:15)
  3 rime drakes
  10 cane toads
  A freezing wraith (D:14)
  13 yaktaurs
  2 kobold demonologists
  3 unseen horrors
  12 komodo dragons
  5 demonic crawlers
  2 tengu conjurers (D:15)
  6 meliai
  4 trolls
  19 merfolk
  11 polar bears
  2 hornets (D:7)
  8 raiju (Lair:6)
  24 tarantellas
  5 wind drakes
  4 dream sheep (Shoals:1)
  28 slime creatures
  A raiju (shapeshifter) (D:14)
  7 blink frogs (Lair:3)
  31 jumping spiders
  3 snapping turtles
  16 culicivoras
  A centaur simulacrum (D:14)
  6 wraiths
  36 yaks
  3 shadows
  4 water elementals
  A vampire (D:10)
  16 humans (D:14)
  3 basilisks
  A steam dragon (D:8)
  2 wyverns
  48 redbacks
  14 wargs
  Menkaure (D:4)
  2 acid dragons
  11 vampire mosquitoes
  11 water moccasins
  9 hell hounds (Lair:6)
  An ice beast (D:5)
  43 orc warriors
  13 black bears
  4 swamp drakes
  2 necrophages (D:8)
  6 ogres
  48 wolves
  8 centaurs
  5 kobold brigands
  2 wyvern zombies (D:8)
  16 bullfrogs
  2 gnoll sergeants
  2 scorpions
  A water moccasin zombie (D:5)
  13 wights
  15 killer bees
  4 electric eels
  5 howler monkeys
  4 centaur zombies
  A jelly (D:6)
  A bullfrog zombie (D:5)
  2 hounds (D:7)
  16 orc priests
  A centaur skeleton (D:5)
  A gnoll shaman (D:7)
  14 iguanas
  17 orc wizards
  A killer bee zombie (D:4)
  An adder (D:2)
  20 gnolls
  A shadow imp (D:6)
  A white imp (D:6)
  2 dart slugs
  78 orcs
  3 ball pythons
  3 bats
  3 endoplasms (D:2)
  2 giant cockroaches
  9 goblins
  6 hobgoblins
  30 kobolds
  2 quokkas
  A frilled lizard (D:1)
  A quokka skeleton (D:4)
  3 rats (D:1)
  3 tentacles (Shoals:4)
1215 creatures vanquished.

Vanquished Creatures (collateral kills)
  A dart slug (D:4)
  2 bats
  5 endoplasms (D:1)
  2 giant cockroaches (D:1)
  2 goblins
  3 hobgoblins
  3 jackals (D:1)
  A ball python (D:1)
  2 frilled lizards (D:1)
  3 kobolds
  2 rats
26 creatures vanquished.

Vanquished Creatures (others)
  A wizard (Vaults:2)
  2 wolf spiders
  A vault sentinel (Vaults:1)
  22 fungi
  69 plants
  6 tentacles
  2 withered plants
103 creatures vanquished.

Grand Total: 1344 creatures vanquished

Notes
Turn   | Place    | Note
-------+----------+-------------------------------------------
     0 | D:1      | tkbsonic5 the Vampire Summoner began the quest for the Orb.
     0 | D:1      | Reached XP level 1. HP: 13/13 MP: 3/3
   268 | D:1      | Reached XP level 2. HP: 19/19 MP: 0/5
   296 | D:1      | Learned a level 2 spell: Call Imp
   370 | D:1      | Reached skill level 4 in Stealth
   589 | D:1      | Identified 3 scrolls of acquirement
   589 | D:1      | Acquired the +2 pair of boots "Wuj Erav" {rC+ Str+4}
   596 | D:1      | Acquired the +10 longbow of Anozip {flame, rElec Str+2
                  | Stlth+}
   598 | D:1      | Acquired the Tome of Summoning
   857 | D:1      | Gained mutation: You are afflicted with vampirism and can
                  | become a bat while bloodless. [Vampire growth]
   857 | D:1      | Reached XP level 3. HP: 19/19 MP: 6/6
   875 | D:1      | Acquired Kikubaaqudgha's Tome of Darkness
   880 | D:1      | Learned a level 1 spell: Animate Skeleton
  1361 | D:2      | Found a shimmering altar of Xom.
  1569 | D:2      | Found a faded altar of an unknown god.
  1818 | D:2      | Found the +7 Kryia's mail coat {PotionHeal*2 rC+}
  1935 | D:3      | Reached skill level 1 in Bows
  1935 | D:3      | Reached XP level 4. HP: 27/27 MP: 7/7
  2122 | D:3      | You are sucked into a shaft and drop 3 floors!
  2142 | D:5      | Entered Level 5 of the Dungeon
  2176 | D:5      | Noticed an ice beast
  2183 | D:5      | Reached XP level 5. HP: 31/31 MP: 3/8
  2187 | D:5      | Killed an ice beast
  2307 | D:4      | Noticed a black bear
  2311 | D:4      | Killed a black bear
  2312 | D:4      | Reached XP level 6. HP: 35/41 MP: 9/9
  2316 | D:4      | Noticed Menkaure
  2323 | D:4      | Killed Menkaure
  2324 | D:4      | Reached skill level 5 in Bows
  2324 | D:4      | Reached XP level 7. HP: 45/46 MP: 10/10
  2412 | D:4      | Found a stormy altar of Qazlal.
  2706 | D:4      | Reached skill level 1 in Necromancy
  3215 | D:5      | Reached skill level 1 in Fighting
  3215 | D:5      | Reached skill level 5 in Stealth
  3354 | D:5      | Found an ancient bone altar of Kikubaaqudgha.
  3462 | D:5      | Found a hazy altar of Hepliaklqana.
  3982 | D:6      | Reached XP level 8. HP: 54/54 MP: 12/12
  4092 | D:6      | Reached skill level 5 in Summonings
  4150 | D:6      | Found a shadowy altar of Dithmenos.
  4372 | D:7      | Reached skill level 6 in Stealth
  4381 | D:7      | Noticed a hornet
  4387 | D:7      | Killed a hornet
  4466 | D:7      | Found a staircase to the Ecumenical Temple.
  4488 | Temple   | Entered the Ecumenical Temple
  4525 | Temple   | Became a worshipper of Warmaster Okawaru
  4551 | D:7      | Reached skill level 7 in Stealth
  4733 | D:7      | Noticed a hornet
  4737 | D:7      | Paralysed by a hornet for 3 turns
  4747 | D:7      | Killed a hornet
  4748 | D:7      | Reached XP level 9. HP: 36/62 MP: 14/14
  4752 | D:7      | Reached * piety under Okawaru
  4860 | D:7      | Acquired the +4 pair of boots of the Wasteland {rElec
                  | Regen+}
  4966 | D:7      | Reached skill level 8 in Stealth
  5184 | D:8      | Found a shimmering altar of Xom.
  5267 | D:8      | Noticed Gastronok
  5301 | D:8      | Killed Gastronok
  5301 | D:8      | Reached ** piety under Okawaru
  5302 | D:8      | Reached skill level 9 in Stealth
  5362 | D:8      | Reached XP level 10. HP: 70/70 MP: 16/16
  5416 | D:8      | Reached skill level 5 in Dodging
  5526 | D:8      | Found a broken altar of Ashenzari.
  5827 | D:8      | Reached skill level 10 in Stealth
  5967 | D:8      | Found a staircase to the Lair.
  6235 | D:9      | Reached *** piety under Okawaru
  6486 | D:9      | Reached skill level 1 in Evocations
  6684 | D:9      | Identified the +0 scale mail of Jipp {Str+2 Dex+3}
  6885 | D:9      | Reached skill level 11 in Stealth
  6885 | D:9      | Reached skill level 1 in Invocations
  6887 | D:9      | Reached **** piety under Okawaru
  7083 | D:10     | Entered Level 10 of the Dungeon
  7234 | D:10     | Received a gift from Okawaru
  7755 | D:10     | Found a staircase to the Orcish Mines.
  7887 | D:10     | Noticed a centaur warrior
  7891 | D:10     | Killed a centaur warrior
  7892 | D:10     | Reached skill level 1 in Armour
  7892 | D:10     | Reached XP level 11. HP: 78/78 MP: 18/18
  8137 | D:11     | Reached skill level 12 in Stealth
  8263 | D:11     | Reached ***** piety under Okawaru
  8334 | D:11     | Identified the +1 helmet "Salosm" {Rampage rCorr Int+5
                  | Dex+2}
  8588 | D:11     | Identified the +2 pair of boots of the Echidna {Int+4 Dex+2
                  | Stlth-} (Okawaru gifted it to you on level 11 of the
                  | Dungeon)
  8588 | D:11     | Received a gift from Okawaru
  8596 | D:11     | Noticed Maurice
  8601 | D:11     | Killed Maurice
  8602 | D:11     | Reached skill level 5 in Fighting
  8695 | D:11     | Noticed a two-headed ogre
  8702 | D:11     | Killed a two-headed ogre
  8958 | Lair:1   | Entered Level 1 of the Lair of Beasts
  9767 | Lair:2   | Noticed a five-headed hydra
  9778 | Lair:2   | Killed a five-headed hydra
 10125 | Lair:2   | You are sucked into a shaft and drop 2 floors!
 10248 | Lair:4   | Reached XP level 12. HP: 86/86 MP: 19/19
 10305 | Lair:4   | Reached skill level 13 in Stealth
 10324 | Lair:4   | Received a gift from Okawaru
 10788 | Lair:4   | Received a gift from Okawaru
 10925 | Lair:3   | Noticed Fannar
 10945 | Lair:3   | Killed Fannar
 10946 | Lair:3   | Reached skill level 5 in Invocations
 10949 | Lair:3   | Received a gift from Okawaru
 11047 | Lair:3   | Reached skill level 10 in Bows
 11379 | Lair:3   | Found a staircase to the Shoals.
 11599 | Lair:3   | Received a gift from Okawaru
 11603 | Lair:3   | Reached XP level 13. HP: 95/95 MP: 20/20
 12173 | Lair:3   | Acquired a manual of Invocations
 12349 | Lair:5   | Learned a level 4 spell: Dispel Undead
 12352 | Lair:5   | Learned a level 2 spell: Corpse Rot
 12355 | Lair:5   | Learned a level 2 spell: Poisonous Vapours
 12359 | Lair:5   | Learned a level 3 spell: Conjure Flame
 12361 | Lair:5   | Learned a level 1 spell: Sting
 12366 | Lair:5   | Learned a level 4 spell: Airstrike
 12584 | Lair:5   | Received a gift from Okawaru
 12621 | Lair:5   | Reached skill level 5 in Necromancy
 13588 | Lair:6   | Entered Level 6 of the Lair of Beasts
 13734 | Lair:6   | Noticed a fire dragon
 13747 | Lair:6   | Killed a fire dragon
 14040 | Lair:6   | Reached skill level 5 in Armour
 14126 | Lair:6   | Identified the +9 scale mail "Jaifoket" {rN+} (Okawaru
                  | gifted it to you on level 6 of the Lair of Beasts)
 14126 | Lair:6   | Received a gift from Okawaru
 14234 | Lair:6   | Found a viscous altar of Jiyva.
 14234 | Lair:6   | Found a staircase to the Slime Pits.
 14346 | Lair:6   | Reached skill level 1 in Air Magic
 14874 | Lair:6   | Reached XP level 14. HP: 103/103 MP: 21/21
 15443 | Lair:6   | Found a runed translucent gate.
 15444 | Lair:6   | Found a runed translucent gate.
 15446 | Lair:6   | Found a runed translucent gate.
 15449 | Lair:6   | Noticed Etunu's ghost (journeyman GrFi)
 15992 | Orc:1    | Entered Level 1 of the Orcish Mines
 16732 | D:12     | Found a bloodstained altar of Trog.
 17421 | D:13     | Found a shimmering altar of Xom.
 17422 | D:13     | Found a shimmering altar of Xom.
 17463 | D:13     | Noticed Sonja
 17464 | D:13     | Killed Sonja
 17531 | D:13     | Found a shimmering altar of Xom.
 17532 | D:13     | Found a shimmering altar of Xom.
 17532 | D:13     | Found a shimmering altar of Xom.
 17532 | D:13     | Found a shimmering altar of Xom.
 17532 | D:13     | Found a shimmering altar of Xom.
 17612 | D:13     | Received a gift from Okawaru
 17744 | D:13     | Received a gift from Okawaru
 17744 | D:13     | Found the +3 warlock's mirror {reflect}
 17992 | D:13     | Reached skill level 10 in Dodging
 18066 | D:13     | Found a shimmering altar of Xom.
 18086 | D:13     | Found a shimmering altar of Xom.
 18831 | D:14     | Noticed Rupert
 18832 | D:14     | Reached skill level 10 in Invocations
 18865 | D:14     | Killed Rupert
 18874 | D:14     | Received a gift from Okawaru
 18970 | D:14     | Found a gate to the Vaults.
 19097 | D:14     | Reached XP level 15. HP: 45/112 MP: 22/22
 19263 | D:14     | Received a gift from Okawaru
 19588 | D:15     | Entered Level 15 of the Dungeon
 19728 | D:15     | Received a gift from Okawaru
 20044 | D:15     | Reached skill level 5 in Air Magic
 20212 | D:15     | Received a gift from Okawaru
 20274 | D:15     | Acquired the amulet "Fepnub" {Reflect Int+4 SH+5}
 20650 | D:15     | Noticed Nessos
 20654 | D:15     | Killed Nessos
 20809 | D:15     | Found a staircase to the Depths.
 21080 | Orc:1    | Learned a level 3 spell: Vampiric Draining
 21082 | Orc:1    | Learned a level 1 spell: Slow
 21256 | Orc:1    | Noticed Josephine
 21264 | Orc:1    | Killed Josephine
 21285 | Orc:1    | Reached skill level 1 in Hexes
 21515 | Orc:1    | Found Eblatig's Antique Weapon Shop.
 21523 | Orc:1    | Bought a bloodstained falchion for 304 gold pieces
 21523 | Orc:1    | Identified the +4 falchion of Fuzzy Exoneration {elec,
                  | +Blink rF+} (You bought it in a shop on level 1 of the
                  | Orcish Mines)
 21679 | Orc:2    | Entered Level 2 of the Orcish Mines
 21825 | Orc:2    | Found a staircase to the Elven Halls.
 22057 | Orc:2    | Received a gift from Okawaru
 22505 | Orc:2    | Found Kudwu's Book Shop.
 22505 | Orc:2    | Found Yvynwapifa's Distillery.
 22556 | Orc:2    | Found Viusaw's Book Shop.
 22804 | Orc:2    | Found Sodosef's Distillery.
 22845 | Orc:2    | Bought a book of Hexes for 648 gold pieces
 22870 | Orc:2    | Bought 2 potions of heal wounds for 120 gold pieces
 22870 | Orc:2    | Bought a potion of heal wounds for 60 gold pieces
 22870 | Orc:2    | Bought a potion of might for 48 gold pieces
 22870 | Orc:2    | Bought a potion of might for 48 gold pieces
 22870 | Orc:2    | Bought a potion of heal wounds for 60 gold pieces
 22870 | Orc:2    | Bought a potion of curing for 36 gold pieces
 22870 | Orc:2    | Bought a potion of curing for 36 gold pieces
 22870 | Orc:2    | Bought a potion of might for 48 gold pieces
 22910 | Orc:2    | Bought a potion of haste for 160 gold pieces
 22910 | Orc:2    | Bought a potion of curing for 48 gold pieces
 22910 | Orc:2    | Bought a potion of heal wounds for 80 gold pieces
 22910 | Orc:2    | Bought a potion of magic for 128 gold pieces
 23540 | Lair:2   | Found a hole to the Spider Nest.
 23870 | Spider:1 | Entered Level 1 of the Spider Nest
 23963 | Spider:1 | Received a gift from Okawaru
 24115 | Spider:1 | Learned a level 3 spell: Frozen Ramparts
 24608 | Spider:1 | Reached skill level 1 in Ice Magic
 24614 | Spider:1 | Received a gift from Okawaru
 24630 | Spider:1 | Reached XP level 16. HP: 97/120 MP: 15/24
 25496 | Spider:2 | You fall into a shaft and drop 1 floor!
 25629 | Spider:3 | Noticed Arachne
 25817 | Spider:3 | Received a gift from Okawaru
 26000 | Spider:3 | Reached skill level 1 in Conjurations
 26073 | Spider:3 | Reached skill level 5 in Spellcasting
 26073 | Spider:3 | Reached skill level 5 in Hexes
 26073 | Spider:3 | Reached skill level 1 in Fire Magic
 26169 | Spider:3 | Killed Arachne
 26945 | Spider:4 | Entered Level 4 of the Spider Nest
 26994 | Spider:3 | Received a gift from Okawaru
 27874 | Spider:4 | Reached skill level 5 in Evocations
 27900 | Spider:4 | Received a gift from Okawaru
 28329 | Spider:3 | Paralysed by a jorogumo for 3 turns
 28647 | Spider:4 | Reached XP level 17. HP: 125/127 MP: 3/26
 29052 | Spider:4 | Identified the ring of Kuli {rC+ EV+4}
 29251 | Spider:4 | Identified the -3 pair of boots of the Original Sin {Int+3}
 29379 | Spider:4 | Got a gossamer rune of Zot
 29563 | Spider:2 | Found the +8 glaive of the Guard {elec, spectral, AC+5}
 29758 | Shoals:1 | Entered Level 1 of the Shoals
 29932 | Shoals:1 | Received a gift from Okawaru
 29934 | Shoals:1 | Reached skill level 10 in Fighting
 30131 | Shoals:1 | Noticed Frances
 30148 | Shoals:1 | Killed Frances
 30149 | Shoals:1 | Reached skill level 10 in Necromancy
 30406 | Shoals:1 | Received a gift from Okawaru
 30874 | Shoals:1 | Learned a level 5 spell: Yara's Violent Unravelling
 31694 | Shoals:2 | Noticed a kraken
 31894 | Shoals:3 | Reached skill level 1 in Transmutations
 32518 | Shoals:4 | Entered Level 4 of the Shoals
 32528 | Shoals:4 | Received a gift from Okawaru
 32622 | Shoals:4 | Reached skill level 14 in Stealth
 32969 | Shoals:4 | Received a gift from Okawaru
 32979 | Shoals:4 | Reached ****** piety under Okawaru
 33017 | Shoals:4 | Identified the ring of Kiew Qep {Ice rN++ Will+}
 33115 | Shoals:4 | Noticed a kraken
 33139 | Shoals:4 | Killed a kraken
 33401 | Shoals:4 | Got a barnacled rune of Zot
 33905 | Vaults:1 | Entered Level 1 of the Vaults
 33940 | Vaults:1 | Reached XP level 18. HP: 127/136 MP: 16/27
 34211 | Vaults:1 | Received a gift from Okawaru
 35313 | Vaults:1 | Learned a level 3 spell: Portal Projectile
 35627 | Vaults:2 | Noticed Bai Suzhen
 35662 | Vaults:2 | Killed Bai Suzhen
 35662 | Vaults:2 | Received a gift from Okawaru
 35663 | Vaults:2 | Reached skill level 1 in Poison Magic
 35888 | Vaults:2 | Noticed Xtahua
 35922 | Vaults:2 | Killed Xtahua
 36024 | Vaults:2 | Reached skill level 5 in Ice Magic
 36216 | Vaults:2 | Identified the +1 kite shield "Biacarphith" {Str+3}
                  | (Okawaru gifted it to you on level 2 of the Vaults)
 36216 | Vaults:2 | Received a gift from Okawaru
 36336 | Vaults:2 | Noticed Aizul
 36400 | Vaults:2 | Found Kyna's Antique Armour Shoppe.
 36442 | Vaults:2 | Found a staircase to the Crypt.
 36442 | Vaults:2 | Found an ancient bone altar of Kikubaaqudgha.
 36443 | Vaults:2 | Found a basalt altar of Yredelemnul.
 37144 | Vaults:2 | Killed Aizul
 37741 | Vaults:2 | Found a transporter.
 37744 | Vaults:2 | Found a transporter.
 37749 | Vaults:2 | Found a bloodstained altar of Trog.
 37763 | Vaults:2 | Noticed Angmar's ghost (veteran DrAE)
 38395 | Vaults:3 | Reached skill level 5 in Transmutations
 38846 | Vaults:3 | Paralysed by a sphinx for 5 turns
 38854 | Vaults:3 | Received a gift from Okawaru
 38895 | Vaults:2 | Reached skill level 1 in Translocations
 39141 | Vaults:3 | Reached XP level 19. HP: 127/142 MP: 21/28
 39256 | Vaults:3 | Noticed Margery
 39349 | Vaults:3 | Killed Margery
 39538 | Vaults:3 | Noticed Frederick
 39812 | Vaults:3 | Killed Frederick
 39928 | Vaults:3 | Received a gift from Okawaru
 39929 | Vaults:3 | Reached skill level 10 in Hexes
 40551 | Vaults:3 | Noticed Mennas
 41130 | Vaults:3 | Reached skill level 15 in Stealth
 41273 | Vaults:4 | Received a gift from Okawaru
 41678 | Vaults:3 | Killed from afar by a crystal guardian

Illustrated notes

Levels and vault maps discovered:
D:1:      erik_arrival_blinker_ship, layout_basic
D:2:      layout_basic, basic_altar, basic_ecumenical_altar
D:3:      layout_basic, mainiacjoe_overflow_tiny_flanked
D:4:      layout_basic, mainiacjoe_overflow_surrounded_room, uniq_menkaure
D:5:      layout_basic, kiku_gazebo_garden_becter,
          worldfamousw_hep_ancestral_shrine, serial_glass, glass_columns_a,
          glass_columns_b, glass_columns_a, glass_columns_b, glass_columns_a,
          glass_columns_a
D:6:      layout_cave_pods, nicolae_dithmenos_the_darkroom, grunt_decor_cap,
          serial_bayou_crossing
D:7:      layout_cave_pools, minmay_temple_entry_large_hall
D:8:      layout_gridville, mainiacjoe_overflow_catch_the_wave,
          nicolae_overflow_hidden_temple, lair_entry_dummy, enter_bailey_3,
          serial_undead, serial_undead_a, serial_undead_d, serial_undead_f,
          serial_undead_b, uniq_gastronok
D:9:      layout_long_grid, serial_glass, glass_columns_a, glass_columns_b
D:10:     layout_loops_ring, erik_orc_1
D:11:     layout_basic, uniq_maurice
D:12:     layout_cave_pods, trog_hazing_becter
D:13:     layout_irregular_city, xom_shifter_show, uniq_sonja
D:14:     layout_roguey, david_vaults_3, serial_bayou_pond_e
D:15:     grunt_enter_depths_snipers, layout_basic, minivault_14, uniq_nessos
Temple:   jpeg_temple_clearing
Lair:1:   layout_loops_ring, chequers_serial_rivers_micro_a
Lair:2:   layout_chaotic_city, hellmonk_spider_entry_not_the_bees
Lair:3:   layout_gridlike, minmay_shoals_entry_beasts, beast_lair_carwin_7,
          lemuel_fruit_tree, grunt_megastairs_4, uniq_fannar
Lair:4:   layout_gridlike, serial_rivers, chequers_serial_rivers_room_b,
          chequers_serial_rivers_micro_a, chequers_serial_rivers_micro_b,
          chequers_serial_rivers_micro_e, beast_lair_carwin_4,
          infiniplex_staircase_pool_2, serial_bayou_shore_a
Lair:5:   layout_layer_cave
Lair:6:   guppyfry_lair_end_dragon, layout_concentric_octagons,
          hangedman_lair_caniforms_friends, slime_altar_1,
          gammafunk_ghost_necromancy, grunt_forest_large_clearings
Shoals:1: layout_shoals, uniq_frances
Shoals:2: layout_shoals, regret_index_shoals_crete
Shoals:3: layout_shoals, nicolae_shoals_so_close
Shoals:4: shoals_end_hellmonk_lost_city, serial_shops
Spider:1: layout_spider_delve, hangedman_spider_tarantella_strand
Spider:2: layout_chambers
Spider:3: layout_spider_delve, drop_trap, nicolae_arachne_temple
Spider:4: hellmonk_spider_rune_endless_swarm, guppyfry_spider_mini_3
Orc:1:    cheibrodos_orc_arena, layout_caves, special_room [special_room_orc],
          serial_shops, nicolae_diamond_shop, okawaru_metal_pillars_3,
          uniq_josephine
Orc:2:    st_orc_town, layout_diamond_mine, special_room,
          dreamdust_deal_with_the_devil
Vaults:1: vaults_mumra_hex, hangedman_vaults_stretched_pinwheel,
          ontoclasm_vaults_bender, ontoclasm_vaults_pinch, grunt_vaults_funnel,
          nicolae_vaults_little_squares_6, vaults_dpeg_hooks, vaults_room_fours,
          layout_vaults_omnigrid
Vaults:2: gammafunk_ghost_wrathful_warriors, v_misc_33, hangedman_vaults_cutoff,
          v_misc_9, hangedman_vaults_stagger, minmay_crypt_entry_necro_gods,
          grunt_vaults_swirl, v_misc_8, nicolae_vaults_little_squares_5,
          ontoclasm_vaults_chip, layout_vaults_big_room, serial_shops, shop,
          uniq_bai_suzhen, uniq_aizul, uniq_xtahua
Vaults:3: vaults_dpeg_ring, hangedman_vaults_impose, grunt_vaults_hallway_long,
          nicolae_vaults_network_square, v_misc_4, vaults_mumra_minichess,
          grunt_vaults_bifocal, v_misc_17, hangedman_vaults_hat,
          vaults_dpeg_encased_lava, hangedman_vaults_nails,
          hangedman_vaults_corner_blocks, vaults_room_stairs_pillars,
          layout_vaults_omnibox, uniq_margery, uniq_mennas, uniq_frederick
Vaults:4: v_rooms_4, vaults_room_guarded_vault, nicolae_vaults_yaktaur_gun_rack,
          vaults_standard_mumra_enter_the_diamond, v_misc_32,
          vaults_room_stairs_pillars, hangedman_vaults_corner_blocks,
          hangedman_vaults_cutoff, v_pattern_4, v_misc_22, v_alt_pattern_4,
          nicolae_vaults_ring_of_whatevers, layout_vaults_maze_bifur,
          serial_shops, nicolae_shop_advertising_works
          [nicolae_subvault_shop_adworks], shop,
          nicolae_shop_temple_entry_statues_fountains

Skill      XL: |  1  2  3  4  5  6  7  8  9 10 11 12 13 14 15 16 17 18 19 |
---------------+----------------------------------------------------------+-----
Stealth        | 4 5 7 9 11 12 13 14 15 | 15.1
Bows           | 1 2 4 5 6 7 8 9 10 11 12 13 14 | 14.7
Necromancy     | 1 3 4 6 7 9 10 11 | 11.5
Fighting       | 1 2 3 4 5 6 7 8 9 10 11 | 11.3
Spellcasting   | 3 4 5 6 |  6.9
Dodging        | 3 4 6 7 8 9 10 11 12 | 12.9
Summonings     | 5 6 |  6.7
Evocations     | 2 3 4 5 6 7 |  7.1
Invocations    | 2 4 6 8 10 11 12 13 | 13.4
Armour         | 1 2 4 5 6 7 8 |  8.9
Air Magic      | 1 4 6 |  6.7
Hexes          | 3 6 8 9 10 | 10.5
Ice Magic      | 1 3 4 5 |  5.8
Conjurations   | 1 2 3 |  3.1
Fire Magic     | 1 2 3 |  3.3
Transmutations | 3 5 |  5.5
Poison Magic   | 2 3 |  3.1
Translocations | 1 2 |  2.0

Action                   |  1- 3 |  4- 6 |  7- 9 | 10-12 | 13-15 | 16-18 | 19-21 || total
-------------------------+-------+-------+-------+-------+-------+-------+-------++-------
Melee: Unarmed           |     5 |       |       |       |       |       |       ||     5
       Bite              |     1 |       |       |       |       |       |       ||     1
       Long sword        |       |       |       |     2 |       |       |       ||     2
 Fire: Longbow           |    35 |    16 |   171 |   587 |  1370 |  1680 |   391 ||  4250
       Shortbow          |       |       |       |       |       |    15 |       ||    15
Throw: Dart              |       |       |       |     8 |       |    31 |     4 ||    43
       Throwing net      |       |       |       |       |       |     3 |     5 ||     8
 Cast: Summon Small Mamm |    23 |     9 |     8 |       |       |       |       ||    40
       Call Imp          |     7 |     5 |     2 |       |       |       |       ||    14
       Animate Skeleton  |     6 |       |       |       |       |       |       ||     6
       Corpse Rot        |       |       |       |       |     6 |     3 |     1 ||    10
       Airstrike         |       |       |       |       |    14 |    67 |       ||    81
       Slow              |       |       |       |       |     8 |    17 |    52 ||    77
       Dispel Undead     |       |       |       |       |     4 |       |       ||     4
       Frozen Ramparts   |       |       |       |       |       |    14 |       ||    14
       Vampiric Draining |       |       |       |       |       |    39 |    11 ||    50
       Poisonous Vapours |       |       |       |       |       |    25 |    12 ||    37
       Portal Projectile |       |       |       |       |       |    21 |     2 ||    23
Invok: Heroism           |       |       |       |     9 |    25 |    33 |     7 ||    74
       Finesse           |       |       |       |     8 |    17 |    32 |    10 ||    67
 Abil: Exsanguinate      |     1 |       |       |       |       |       |       ||     1
       Revivify          |     1 |       |       |       |       |       |       ||     1
Evoke: Wand              |       |       |     1 |     5 |     7 |    56 |     1 ||    70
  Use: Scroll            |     5 |     2 |     3 |    14 |    14 |    22 |     4 ||    64
       Potion            |     1 |       |     7 |     1 |     8 |    27 |     5 ||    49
Armor: Robe              |     2 |       |       |       |       |       |       ||     2
       Leather armour    |     2 |       |       |       |       |       |       ||     2
       Scale mail        |       |     1 |    68 |   177 |   252 |   695 |   128 ||  1321
Dodge: Dodged            |    19 |     1 |    61 |   226 |   362 |   925 |   228 ||  1822
Block: Other             |       |       |       |       |    36 |   135 |    40 ||   211
       Reflection        |       |       |       |       |     3 |    27 |     4 ||    34
